AoeStats
← 血刃

Nomad

510585773Analyzed
2v2 RM · 6h ago on Oct 1, 2026· 27m 40s· 4 players
Game mode
Random Map
Map size
176×176
Population
200
Speed
Normal
Resources
Standard
Victory
Conquest
Starting age
Dark Age
Ending age
Imperial Age
RankedLock teamsTeams togetherTeam positionsShared explorationLock speedFull tech treeHidden civsTurbo modeCheats
Victory
Defeat
🇦🇷 Spanish · Argentina
1704
+14
🇧🇷 Persians · Brazil
1703
+13
🇩🇪 Vikings · Germany
1802
-19
🇩🇪 Persians · Germany
1489
-8
血刃
4:51 Loom
12:51 Feudal Age
13:31 Double-Bit Axe
15:04 Fletching
16:31 Wheelbarrow
20:02 Castle Age
19:18 Padded Archer Armor
20:55 Medium Warships
20:42 Bodkin Arrow
21:53 Horse Collar
24:23 Scale Barding Armor
25:10 Bloodlines
DS_Nacho_10
10:05 Loom
12:18 Feudal Age
16:08 Castle Age
14:25 Double-Bit Axe
15:43 Horse Collar
15:55 Gold Mining
17:02 Bow Saw
23:23 Padded Archer Armor
27:39 Leather Archer Armor
Saphi
5:41 Loom
14:44 Feudal Age
15:36 Double-Bit Axe
23:25 Castle Age
21:45 Fletching
21:55 Padded Archer Armor
23:39 Elite Skirmisher
24:55 Elite Skirmisher
Tigry
12:38 Feudal Age
17:02 Castle Age
16:09 Fletching
16:54 Double-Bit Axe
17:08 Gold Mining
18:33 Loom
18:50 Bodkin Arrow
20:15 Bow Saw
21:23 Padded Archer Armor
21:15 Town Watch
23:16 Leather Archer Armor
24:24 Ballistics
Connection lost

Rejoining the realm…

Still unreachable

The connection could not be restored.

Session expired

The server has moved on; the page needs a fresh start.